 Dungeon Crawl Stone Soup version 0.31-a0-1-g4198be8af4 (webtiles) character file.

Game seed: 11522527228033379954

10219 jasper the Artisan of Death (level 11, -7/81 (90) HPs)
             Began as a Demonspawn Necromancer on May 1, 2023.
             Was a Priest of Kikubaaqudgha.
             Mangled by a wraith (10 damage)
             ... led by Josephine
             ... on level 10 of the Dungeon.
             The game lasted 00:18:45 (12084 turns).

jasper the Artisan of Death (DsNe)                 Turns: 12084, Time: 00:18:46

HP:   -7/81 (90)    AC: 12    Str:  9    XL:     11   Next: 33%
MP:   14/14         EV: 17    Int: 22    God:    Kikubaaqudgha [***...]
Gold: 1467          SH:  7    Dex: 16    Spells: 0/14 levels left

rFire   + . .        S - +5 rapier "Optodeic" {vamp, rF+ rC+ Dex+2}
rCold   + . .        w - +1 buckler "Ruconk" {rPois Int+2}
rNeg    . . .        K - +0 steam dragon scales
rPois   +            (helmet unavailable)
rElec   .            M - +0 cloak
rCorr   .            s - +1 pair of gloves
SInv    .            y - +0 pair of boots
Will    .....        (no amulet)
Stlth   ++           B - ring of flight
HPRegen 0.33/turn    (no ring)
MPRegen 0.14/turn

%: no passive effects
@: flying, slowed, heavily drained, very slow
A: horns 3, thin metallic scales 2, demonic guardian 2, demonic magic 1
a: Renounce Religion, Unearth Wretches


You were on level 10 of the Dungeon.
You worshipped Kikubaaqudgha.
Kikubaaqudgha was most pleased with you.
You visited 2 branches of the dungeon, and saw 11 of its levels.
You also visited: Bailey.

You collected 1523 gold pieces.
You spent 56 gold pieces at shops.

Inventory:

Hand Weapons
 f - a +0 dagger of venom
 g - the +4 whip of Gihi {vamp, *Rage rElec rPois rN++}
   (You found it on level 2 of the Dungeon)

   rElec:     It insulates you from electricity.
   rPois:     It protects you from poison.
   rN:        It greatly protects you from negative energy.
   *Rage:     It berserks you when you make melee attacks (+20% chance).
 j - a +0 dagger
 k - a +1 short sword
 p - a +0 spear
 I - a +5 dire flail
 R - a +0 trident
 S - the +5 rapier "Optodeic" (weapon) {vamp, rF+ rC+ Dex+2}
   (You took it off a spriggan in a bailey)

   Dex:       It affects your dexterity (+2).
   rF:        It protects you from fire.
   rC:        It protects you from cold.
Missiles
 v - a throwing net
Armour
 a - a +1 robe
 q - a +0 kite shield
 s - a +1 pair of gloves (worn)
 w - the +1 buckler "Ruconk" (worn) {rPois Int+2}
   (You acquired it on level 9 of the Dungeon)

   Int:       It affects your intelligence (+2).
   rPois:     It protects you from poison.
 x - the +2 hat of the Shrike {Stlth+}
   (You acquired it on level 9 of the Dungeon)

   Stlth:     It makes you more stealthy.
 y - a +0 pair of boots (worn)
 K - +0 steam dragon scales (worn)
 M - a +0 cloak (worn)
Jewellery
 B - a ring of flight (left hand)
Wands
 D - a wand of charming (4)
 F - a wand of flame (11)
 N - a wand of digging (6)
 O - a wand of mindburst (12)
 Q - a wand of iceblast (4)
Scrolls
 h - 6 scrolls of enchant armour
 m - 6 scrolls of teleportation
 o - 2 scrolls of immolation
 z - 2 scrolls of enchant weapon
 A - a scroll of fog {unknown}
 C - 2 scrolls of amnesia
 E - 3 scrolls of fear {unknown}
 H - 3 scrolls of blinking
 J - a scroll of poison {unknown}
 P - a scroll of noise {unknown}
Potions
 b - 6 potions of magic
 c - 5 potions of heal wounds
 d - 2 potions of invisibility
 e - 3 potions of curing
 i - 2 potions of lignification
 l - a potion of might
 n - 5 potions of flight
 r - 6 potions of brilliance
 t - a potion of ambrosia
 u - a potion of resistance {unknown}
 G - a potion of degeneration {unknown}
 L - a potion of attraction {unknown}


   Skills:
 - Level 10.0 Fighting
 - Level 10.0 Dodging
 - Level 1.7 Stealth
 - Level 6.1 Shields
 - Level 2.0 Spellcasting
 - Level 10.0 Necromancy
 + Level 0.0 Translocations


You couldn't memorise any spells.
You knew the following spells:

 Your Spells              Type           Power      Damage    Failure   Level
a - Necrotise             Necr           100%       1d9       1%          1
b - Vampiric Draining     Necr           46%        2d9       1%          3
c - Sublimation of Blood  Necr           46%        N/A       1%          2
d - Animate Dead          Necr           46%        N/A       3%          4
e - Cigotuvi's Dreadful   Necr/Pois/Air  32%        N/A       8%          2
f - Blink                 Tloc           4%         N/A       28%         2

Your spell library contained the following spells:

 Spells                   Type           Power      Damage    Failure   Level
 Agony                    Necr           46%        N/A       9%          5
 Anguish                  Hex/Necr       12%        N/A       24%         4
 Wereblood                Tmut           2%         N/A       28%         2
 Death Channel            Necr           23%        N/A       43%         6
 Portal Projectile        Hex/Tloc       4%         N/A       50%         3
 Tukima's Dance           Hex            2%         N/A       50%         3
 Cause Fear               Hex            1%         N/A       88%         4
 Manifold Assault         Tloc           2%         N/A       88%         4
 Simulacrum               Ice/Necr       12%        N/A       98%         6
 Blade Hands              Tmut           1%         N/A       99%         5
 Enfeeble                 Hex            1%         N/A       100%        7
 Storm Form               Tmut/Air       1%         N/A       100%        7
 Summon Hydra             Summ           1%         N/A       100%        7


Dungeon Overview and Level Annotations

Branches:
Dungeon (10/15)            Temple (1/1) D:5            Lair (0/5) D:8
 Bailey (visited)
    Orc: D:9-12

Altars:
Ashenzari
Cheibriados
Dithmenos
Fedhas
Gozag
Hepliaklqana
Kikubaaqudgha
Makhleb
Nemelex Xobeh
Okawaru
Qazlal
Ru
Sif Muna
Trog
Uskayaw
Vehumet
Xom
Yredelemnul

Shops:
D:4 ?   D:5 =

Annotations:
D:5 2 runed translucent doors, BlasphemerAmon's ghost, weakling DsDe
D:10 Gastronok; Josephine


Innate Abilities, Weirdness & Mutations

You have a pair of large horns on your head.
You are mostly covered in thin metallic scales. (AC +3)
A demonic guardian rushes to your aid.
Spells you cast may paralyse adjacent enemies.


Message History

Josephine is moderately wounded.
Josephine hits you but does no damage. x2; You block the wraith's attack.
The wraith barely misses you.
You hit Josephine.
Josephine is moderately wounded.
You block Josephine's attack. The wraith closely misses you.
You block the wraith's attack.
You hit Josephine. You headbutt Josephine.
Josephine is heavily wounded.
Josephine casts a spell at you.
The ghostly flame explodes!
The ghostly fireball engulfs you!!
You feel drained.
The ghostly fireball engulfs Josephine.
Josephine completely resists.
The ghostly fireball engulfs the wraith.
The wraith completely resists.
The ghostly fireball engulfs the wraith.
The wraith completely resists.
The wraith misses you. The wraith completely misses you.
You closely miss Josephine. You headbutt Josephine.
Josephine is heavily wounded.
Josephine draws life force from you!!
Josephine is healed by the life force!
The wraith hits you! The wraith drains your vigour!
You feel yourself slow down. The wraith misses you.
You take 54 damage, and have 36/86 hp.
MASSIVE DAMAGE!!
You completely miss Josephine.
Josephine is moderately wounded.
Josephine misses you. You block the wraith's attack.
The wraith barely misses you. Josephine casts a spell at you.
The ghostly flame explodes!
The ghostly fireball engulfs you!!
You feel drained.
* * * LOW HITPOINT WARNING * * *
A demonic guardian appears!
The ghostly fireball engulfs Josephine.
Josephine completely resists.
The ghostly fireball engulfs the wraith.
The wraith completely resists.
The ghostly fireball engulfs the wraith.
The wraith completely resists.
The wraith hits you!
You die...
Kikubaaqudgha rasps: "You have failed me!
Welcome... death!"

,,,,,,,,,* ***,,,,,,*
***,,,,,,**** ***,,,,,,+,,*
***,,,,,,+,,*** ***,,,,,,#,,,,*
***,,,,,,#..,,* ###
,,,,,,,,,#....#################..
,,,,,,,,*#....W@@W..............#
,,,,,,,**#....4##W...........####
,,,,,,**,#........>.#......#.#...
,,,,,***,.....###................
,,,,** **##.,** ###..........####
***** #*.#** #..........# ##
*...* #..........###.
**#.####..........#...
#...##.............#


You could see Josephine, 3 wraiths and a friendly rust devil (summoned).

Vanquished Creatures
  2 two-headed ogres
  Urug (D:10)
  A komodo dragon (D:8)
  A troll (D:10)
  4 spriggans (Bailey)
  A shadow (D:9)
  2 wyverns
  2 wraiths (D:10)
  4 yaks (D:9)
  2 steam dragons (D:8)
  Menkaure (D:6)
  An acid dragon (D:9)
  3 water moccasins
  2 orc warriors
  2 sky beasts
  4 ice beasts
  A wolf (D:9)
  A centaur (D:5)
  3 ogres
  2 phantoms (D:5)
  2 kobold brigands
  A bullfrog (D:7)
  6 scorpions
  10 wights
  2 spriggan zombies (Bailey)
  3 howler monkeys
  A jelly (D:7)
  3 orc priests
  A hound (D:5)
  5 iguanas
  A sleepcap (D:7)
  11 orc wizards
  An ogre zombie (Bailey)
  5 gnolls
  4 adders
  2 shadow imps (D:6)
  2 white imps (D:6)
  An ufetubus (D:4)
  3 worms
  2 dart slugs
  26 orcs
  9 endoplasms
  7 giant cockroaches (D:4)
  11 goblins
  16 hobgoblins
  3 jackals (D:3)
  2 quokkas (D:4)
  2 ball pythons
  6 bats
  3 frilled lizards
  20 kobolds
  5 rats
216 creatures vanquished.

Vanquished Creatures (collateral kills)
  3 spriggans (Bailey)
  A steam dragon (Bailey)
  A yak (D:9)
  Grum (D:9)
  A water moccasin (D:7)
  An orc warrior (D:9)
  5 ogres (Bailey)
  A centaur (D:8)
  2 wolves (D:9)
  2 wights (D:8)
  2 howler monkeys (D:9)
  An orc priest (D:8)
  2 gnolls
  An adder (D:2)
  5 orcs
  A kobold (D:7)
30 creatures vanquished.

Vanquished Creatures (others)
  A steam dragon (D:9)
  A wyvern zombie (D:9)
  An orc wizard (D:9)
  4 ogre zombies (Bailey)
  A howler monkey zombie (D:9)
  6 orc zombies
  3 gnoll zombies (D:5)
  42 plants (D:8)
59 creatures vanquished.

Grand Total: 305 creatures vanquished

Notes
Turn   | Place    | Note
-------+----------+-------------------------------------------
     0 | D:1      | jasper the Demonspawn Necromancer began the quest for the
                  | Orb.
     0 | D:1      | Reached XP level 1. HP: 13/13 MP: 3/3
   199 | D:1      | Gained mutation: Spells you cast may paralyse adjacent
                  | enemies. [demonic ancestry]
   199 | D:1      | Reached XP level 2. HP: 19/19 MP: 3/5
   273 | D:1      | Reached skill level 5 in Necromancy
   698 | D:1      | Reached XP level 3. HP: 18/24 MP: 0/6
   702 | D:1      | Learned a level 3 spell: Vampiric Draining
  1298 | D:2      | Identified the +4 whip of Gihi {vamp, *Rage rElec rPois
                  | rN++}
  2147 | D:3      | Gained mutation: You have a pair of small horns on your
                  | head. [demonic ancestry]
  2147 | D:3      | Reached XP level 4. HP: 30/30 MP: 5/7
  2304 | D:3      | Learned a level 2 spell: Sublimation of Blood
  3087 | D:4      | Noticed a scorpion
  3103 | D:4      | Killed a scorpion
  3104 | D:4      | Reached XP level 5. HP: 31/35 MP: 0/8
  3334 | D:4      | Found Sothrobb's Magic Scroll Emporium.
  3339 | D:4      | Bought a scroll of immolation for 56 gold pieces
  3430 | D:4      | Gained mutation: You are partially covered in thin metallic
                  | scales. (AC +2) [demonic ancestry]
  3430 | D:4      | Reached XP level 6. HP: 41/41 MP: 1/9
  4446 | D:5      | Entered Level 5 of the Dungeon
  4522 | D:5      | Gained mutation: You have a pair of horns on your head.
                  | [demonic ancestry]
  4522 | D:5      | Reached XP level 7. HP: 46/46 MP: 10/10
  4531 | D:5      | Learned a level 4 spell: Animate Dead
  4694 | D:5      | Reached skill level 10 in Necromancy
  4788 | D:5      | Reached skill level 1 in Fighting
  4896 | D:5      | Found a staircase to the Ecumenical Temple.
  4951 | Temple   | Entered the Ecumenical Temple
  5206 | Temple   | Became a worshipper of Kikubaaqudgha
  5342 | D:5      | Found a runed translucent door.
  5344 | D:5      | Noticed BlasphemerAmon's ghost (weakling DsDe)
  5653 | D:5      | Found an opulent altar of Gozag.
  5661 | D:5      | Found a runed translucent door.
  5742 | D:5      | Gained mutation: You are mostly covered in thin metallic
                  | scales. (AC +3) [demonic ancestry]
  5742 | D:5      | Reached XP level 8. HP: 57/57 MP: 11/11
  5857 | D:5      | Found Mozoes's Jewellery Emporium.
  5886 | D:5      | Found a blossoming altar of Fedhas.
  5886 | D:5      | Found a shimmering altar of Xom.
  6438 | D:6      | Noticed Menkaure
  6444 | D:6      | Killed Menkaure
  6752 | D:6      | Reached skill level 5 in Fighting
  6752 | D:6      | Reached skill level 5 in Dodging
  6815 | D:6      | Reached * piety under Kikubaaqudgha
  6815 | D:6      | Received a gift from Kikubaaqudgha
  7574 | D:7      | Gained mutation: A weak demonic guardian rushes to your
                  | aid. [demonic ancestry]
  7574 | D:7      | Reached XP level 9. HP: 69/69 MP: 6/12
  7750 | D:7      | Found a shimmering blue altar of Sif Muna.
  7902 | D:7      | Reached ** piety under Kikubaaqudgha
  8624 | D:7      | Learned a level 2 spell: Cigotuvi's Dreadful Rot
  9216 | D:8      | Found a stormy altar of Qazlal.
  9242 | D:8      | Found a snail-covered altar of Cheibriados.
  9299 | D:8      | Found a staircase to the Lair.
  9650 | D:8      | Gained mutation: A demonic guardian rushes to your aid.
                  | [demonic ancestry]
  9650 | D:8      | Reached XP level 10. HP: 82/82 MP: 6/13
  9919 | D:9      | Noticed Grum
  9940 | D:9      | Killed Grum
 10199 | D:9      | Reached *** piety under Kikubaaqudgha
 10199 | D:9      | Received a gift from Kikubaaqudgha
 11145 | D:9      | Identified 3 scrolls of acquirement
 11145 | D:9      | Acquired 1004 gold pieces
 11147 | D:9      | Acquired the +1 buckler "Ruconk" {rPois Int+2}
 11149 | D:9      | Acquired the +2 hat of the Shrike {Stlth+}
 11172 | D:10     | Entered Level 10 of the Dungeon
 11176 | D:10     | Noticed Gastronok
 11277 | D:10     | Reached skill level 10 in Fighting
 11278 | D:10     | Found a flagged portal.
 11284 | Bailey   | Entered a bailey
 11348 | Bailey   | Reached skill level 10 in Dodging
 11348 | Bailey   | Reached skill level 1 in Shields
 11384 | Bailey   | Gained mutation: You have a pair of large horns on your
                  | head. [demonic ancestry]
 11384 | Bailey   | Reached XP level 11. HP: 69/90 MP: 10/14
 11407 | Bailey   | Identified the +5 rapier "Optodeic" {vamp, rF+ rC+ Dex+2}
 11409 | Bailey   | Noticed a two-headed ogre
 11417 | Bailey   | Killed a two-headed ogre
 11579 | Bailey   | Learned a level 2 spell: Blink
 11606 | D:10     | Noticed Urug
 11615 | D:10     | Killed Urug
 11616 | D:10     | Reached skill level 5 in Shields
 11882 | D:10     | Found a shadowy altar of Dithmenos.
 11892 | D:10     | Noticed a two-headed ogre
 11905 | D:10     | Killed a two-headed ogre
 12072 | D:10     | Noticed Josephine
 12084 | D:10     | HP: 3/81 [Josephine/ghostly fireball (33)]
 12084 | D:10     | Mangled by a wraith

Illustrated notes

Levels and vault maps discovered:
D:1:      dpeg_arrival_morbid_curiosity, layout_basic
D:2:      layout_basic
D:3:      layout_basic
D:4:      layout_gridville, serial_shops, kennysheep_little_box,
          glass_columns_c, minmay_mini_jars
D:5:      layout_loops_ring, nicolae_gozag_seed_capital,
          nicolae_overflow_two_pavilions, minmay_temple_entry_glassed_door,
          serial_shops, shop_fountains, ebering_ghost_sewer_f,
          minmay_misc_feat_roman
D:6:      layout_basic, uniq_menkaure
D:7:      layout_gridville, nicolae_sif_muna_little_library
D:8:      layout_cave_pools, mainiacjoe_overflow_two_lobes, david_lair_shrubbed
D:9:      layout_basic, mainiacjoe_overflow_24_doors, lemuel_flamethrower_2,
          uniq_grum
D:10:     layout_rooms, grunt_dithmenos_smoke_and_mirrors, enter_bailey_3,
          dk_vineyard_1, kennysheep_big_empty_room, uniq_josephine,
          uniq_gastronok, uniq_urug
Temple:   minmay_temple_curvy_branch

Skill      XL: |  1  2  3  4  5  6  7  8  9 10 11 |
---------------+----------------------------------+-----
Necromancy     | 5 6 7 8 9 10 | 10.0
Dodging        | 3 5 7 10 | 10.0
Fighting       | 2 5 8 10 | 10.0
Shields        | 3 6 |  6.1
Stealth        | |  1.7
Spellcasting   | |  2.0

Action                     |  1- 3 |  4- 6 |  7- 9 | 10-12 || total
---------------------------+-------+-------+-------+-------++-------
  Melee: Dagger            |     9 |       |       |       ||     9
         Short sword       |    20 |       |       |       ||    20
         Whip              |    16 |    29 |    97 |       ||   142
         Headbutt          |       |     5 |    25 |    38 ||    68
         Dire flail        |       |       |    45 |   114 ||   159
         Rapier            |       |       |       |    44 ||    44
   Cast: Necrotise         |    75 |    94 |   157 |     6 ||   332
         Vampiric Draining |     1 |     2 |    18 |    21 ||    42
         Animate Dead      |       |       |     3 |     5 ||     8
         Sublimation of Bl |       |       |     1 |       ||     1
    Use: Scroll            |     9 |     2 |       |    11 ||    22
         Potion            |       |     1 |       |       ||     1
   Stab: Paralysed         |     4 |     1 |     7 |     7 ||    19
         Distracted        |       |       |     1 |     2 ||     3
 Armour: Robe              |     9 |    20 |    52 |       ||    81
         Steam dragon scal |       |       |     7 |    66 ||    73
  Dodge: Dodged            |    15 |    44 |   123 |   183 ||   365
  Block: Buckler           |       |       |       |    27 ||    27

Table legend: (Time is in decaauts)
 A = Elapsed time spent in this place.
 B = Non-inter-level travel time spent in this place.
 C = Inter-level travel time spent in this place.
 D = Time resting spent in this place.
 E = Time spent auto-exploring this place.
 F = Levels seen in this place.
 G = Mean time per level.
                   A        B        C        D        E       F      G
               +--------+--------+--------+--------+--------+-----+--------+
         Total |  12300 |  11916 |    384 |    853 |   9108 |  12 | 1025.0 |
       Dungeon |  11696 |  11367 |    329 |    764 |   8847 |  10 | 1169.6 |
        Temple |    277 |    222 |     55 |      0 |    219 |   1 |  277.0 |
        Bailey |    326 |    326 |      0 |     89 |     42 |   1 |  326.0 |
               +--------+--------+--------+--------+--------+-----+--------+

Top non-repeatable levels by time:
     D:8: 1477 daAuts
     D:4: 1470 daAuts
     D:5: 1330 daAuts
     D:9: 1320 daAuts
     D:7: 1271 daAuts
     D:6: 1256 daAuts
     D:1: 1181 daAuts
     D:3: 922 daAuts
     D:2: 892 daAuts
    D:10: 574 daAuts
  Bailey: 326 daAuts
  Temple: 277 daAuts
